 Dungeon Crawl Stone Soup version 0.31-a0-145-g046c7d2549 (webtiles) character file.

Game seed: 17746768639828975615

1560860 ragingrage the End of an Era (level 26, 234/234 HPs)
             Began as a Ghoul Wanderer on June 6, 2023.
             Was the Champion of Qazlal.
             Escaped with the Orb
             ... and 3 runes!
             The game lasted 01:37:45 (75282 turns).

ragingrage the End of an Era (Ghoul Wanderer)      Turns: 75282, Time: 01:37:46

Health: 234/234    AC: 33    Str: 37    XL:     26   Next: 40%
Magic:  37/37      EV: 14    Int:  4    God:    Qazlal [******]
Gold:   371        SH: 33    Dex:  9    Spells: 21/31 levels left

rFire   + + .        a - +9 demon trident (drain)
rCold   + . .        P - +1 tower shield {AC+3}
rNeg    + + +        n - +6 faerie dragon scales {rF+ rCorr}
rPois   ∞            y - +2 helmet
rElec   +            w - +2 cloak {rCorr}
rCorr   +            o - +2 pair of gloves {Str+3}
SInv    +            U - +2 pair of boots of Keroph {rElec rF+ Int-5}
Will    ++...        x - amulet of the Devil {Reflect Str+6 Int+3 Dex-3 SH+5} Stlth
                     k - ring of Cemaseom {Will+ Str+3}
HPRegen 0.59/turn    F - ring of see invisible
MPRegen 0.25/turn

%: repel missiles, reflection
@: no status effects
A: claws 1, cold resistance 1, negative energy resistance 3, inhibited
regeneration, torment resistance 2, devour on kill
0: Orb of Zot
}: 3/15 runes: serpentine, barnacled, slimy
a: Renounce Religion, Upheaval, Elemental Force, Disaster Area


You escaped.
You worshipped Qazlal.
Qazlal was exalted by your worship.
You visited 10 branches of the dungeon, and saw 51 of its levels.
You visited 1 bazaar.
You also visited: Ossuary, Gauntlet, Ice Cave and Wizlab.

You collected 5810 gold pieces.
You spent 5439 gold pieces at shops.

Inventory:

Hand Weapons
 a - a +9 demon trident of draining (weapon)
 b - a +4 spectral demon trident
Missiles
 d - 6 throwing nets
 i - 15 javelins
 r - 46 poisoned darts
 s - 37 boomerangs
 H - 3 silver javelins
 Z - 9 curare-tipped darts
Armour
 n - the +6 faerie dragon scales (worn) {rF+ rCorr}
   (You took it off the Enchantress on level 3 of the Depths)

   rF:        It protects you from fire.
   rCorr:     It protects you from acid and corrosion.
 o - a +2 pair of gloves of strength (worn)
 w - a +2 cloak of preservation (worn)
 y - a +2 helmet (worn)
 N - the +0 scale mail "Qoecigi" {rElec rN+}
   (You found it on level 4 of the Realm of Zot)

   rElec:     It insulates you from electricity.
   rN:        It protects you from negative energy.
 P - a +1 tower shield of protection (worn)
 U - the +2 pair of boots of Keroph (worn) {rElec rF+ Int-5}
   (You bought it in a shop in a bazaar)

   Int:       It affects your intelligence (-5).
   rF:        It protects you from fire.
   rElec:     It insulates you from electricity.
Jewellery
 k - the ring of Cemaseom (left hand) {Will+ Str+3}
   (You acquired it on level 15 of the Dungeon)

   [ring of willpower]

   Str:       It affects your strength (+3).
   Will:      It increases your willpower.
 x - the amulet of the Devil (around neck) {Reflect Str+6 Int+3 Dex-3 SH+5}
   (You found it on level 2 of the Depths)

   [amulet of reflection]

   It reflects blocked missile attacks.
   Str:       It affects your strength (+6).
   Int:       It affects your intelligence (+3).
   Dex:       It affects your dexterity (-3).
   SH:        It affects your SH (+5).
 z - a +4 ring of protection
 F - a ring of see invisible (right hand)
Wands
 f - a wand of roots (35)
 l - a wand of paralysis (50)
 m - a wand of mindburst (6)
 D - a wand of flame (23)
 R - a wand of digging (15)
 W - a wand of acid (33)
Scrolls
 c - 6 scrolls of poison
 p - 6 scrolls of fog
 t - 6 scrolls of butterflies
 v - 7 scrolls of vulnerability
 A - 2 scrolls of silence
 B - 8 scrolls of fear
 G - 7 scrolls of immolation
 K - 4 scrolls of magic mapping
 L - 17 scrolls of teleportation
 T - 2 scrolls of torment
 Y - 2 scrolls of blinking
Potions
 e - 16 potions of curing
 g - 4 potions of might
 h - 7 potions of haste
 j - 11 potions of attraction
 q - 5 potions of enlightenment
 u - a potion of cancellation
 C - 8 potions of ambrosia
 E - 2 potions of resistance
 I - 8 potions of brilliance
 J - 7 potions of heal wounds
 M - 2 potions of invisibility
 Q - 3 potions of magic
Miscellaneous
 O - a tin of tremorstones (1/2)
 S - a box of beasts
 V - a phial of floods
 X - a phantom mirror


   Skills:
 + Level 18.9 Fighting
 - Level 11.0(14.0) Polearms
 - Level 14.0(15.4) Staves
 - Level 14.0 Throwing
 - Level 13.3 Armour
 - Level 11.4 Dodging
 - Level 18.0 Shields
 - Level 3.0 Spellcasting
 - Level 12.3 Translocations
 - Level 10.0 Ice Magic
 - Level 3.5 Earth Magic
 - Level 22.4 Invocations
 - Level 9.0 Evocations


You had 21 spell levels left.
You knew the following spells:

 Your Spells              Type           Power      Damage    Failure   Level
a - Ozocubu's Armour      Ice            8%         N/A       3%          3
b - Blink                 Tloc           20%        N/A       1%          2
c - Manifold Assault      Tloc           10%        N/A       4%          4
d - Sandblast             Erth           6%         2d5       17%         1

Your spell library contained the following spells:

 Spells                   Type           Power      Damage    Failure   Level
 Freeze                   Ice            32%        1d5       1%          1
 Gell's Gravitas          Tloc           10%        N/A       1%          3
 Teleport Other           Tloc           10%        N/A       1%          3
 Frozen Ramparts          Ice            16%        1d3       3%          3
 Ensorcelled Hibernation  Hex/Ice        8%         N/A       14%         2
 Hailstorm                Conj/Ice       4%         3d4       28%         3
 Passwall                 Tmut/Erth      1%         N/A       47%         2
 Magic Dart               Conj           0%         1d3       58%         1
 Necrotise                Necr           0%         1d4       58%         1
 Shock                    Conj/Air       0%         1d3       58%         1
 Slow                     Hex            0%         N/A       58%         1
 Summon Small Mammal      Summ           0%         N/A       58%         1
 Dispersal                Tloc           5%         N/A       58%         6
 Summon Ice Beast         Ice/Summ       4%         N/A       67%         4
 Stone Arrow              Conj/Erth      4%         3d7       71%         3
 Call Imp                 Summ           0%         N/A       73%         2
 Cigotuvi's Dreadful Rot  Necr/Pois/Air  0%         N/A       73%         2
 Poisonous Vapours        Pois/Air       0%         N/A       73%         2
 Summon Forest            Summ/Tloc      2%         N/A       86%         5
 Call Canine Familiar     Summ           0%         N/A       91%         3
 Confusing Touch          Hex            0%         N/A       91%         3
 Ignite Poison            Fire/Tmut/Pois 0%         N/A       91%         3
 Inner Flame              Hex/Fire       0%         N/A       91%         3
 Mephitic Cloud           Conj/Pois/Air  0%         N/A       91%         3
 Summon Guardian Golem    Hex/Summ       0%         N/A       91%         3
 Swiftness                Air            0%         N/A       91%         3
 Vampiric Draining        Necr           0%         2d6       91%         3
 Metabolic Englaciation   Hex/Ice        2%         N/A       95%         5
 Animate Armour           Summ/Erth      4%         N/A       98%         4
 Freezing Cloud           Conj/Ice/Air   1%         6-21      99%         5
 Airstrike                Air            0%         2d(0-16)  100%        4
 Anguish                  Hex/Necr       0%         N/A       100%        4
 Animate Dead             Necr           0%         N/A       100%        4
 Cause Fear               Hex            0%         N/A       100%        4
 Dispel Undead            Necr           0%         3d6       100%        4
 Flame Wave               Conj/Fire      0%         2d4       100%        4
 Sticky Flame             Conj/Fire      0%         2d3       100%        4
 Summon Lightning Spire   Summ/Air       0%         N/A       100%        4
 Agony                    Necr           0%         N/A       100%        5
 Fireball                 Conj/Fire      0%         3d3       100%        5
 Irradiate                Conj/Tmut      0%         3d11      100%        5
 Iskenderun's Battlesphe  Conj           0%         2d6       100%        5
 Summon Mana Viper        Hex/Summ       0%         N/A       100%        5
 Yara's Violent Unravell  Hex/Tmut       0%         3d3       100%        5
 Conjure Ball Lightning   Conj/Air       0%         3x3d6     100%        6
 Death Channel            Necr           0%         N/A       100%        6
 Eringya's Noxious Bog    Tmut/Pois      0%         N/A       100%        6
 Simulacrum               Ice/Necr       2%         N/A       100%        6
 Starburst                Conj/Fire      0%         6d3       100%        6
 Enfeeble                 Hex            0%         N/A       100%        7
 Monstrous Menagerie      Summ           0%         N/A       100%        7
 Orb of Destruction       Conj           0%         9d5       100%        7
 Ozocubu's Refrigeration  Ice            4%         4d8       100%        7
 Spellforged Servitor     Conj/Summ      0%         N/A       100%        7
 Summon Hydra             Summ           0%         N/A       100%        7
 Discord                  Hex            0%         N/A       100%        8
 Disjunction              Tloc           5%         N/A       100%        8
 Ignition                 Fire           0%         3d3       100%        8
 Infestation              Necr           0%         N/A       100%        8
 Lehudib's Crystal Spear  Conj/Erth      1%         10d2      100%        8
 Maxwell's Capacitive Co  Air            0%         ∞         100%        8
 Dragon's Call            Summ           0%         N/A       100%        9
 Fire Storm               Conj/Fire      0%         5d1       100%        9
 Sublimation of Blood     Necr           Unusable   N/A       N/A         2
 Wereblood                Tmut           Unusable   N/A       N/A         2
 Spider Form              Tmut/Pois      Unusable   N/A       N/A         3
 Blade Hands              Tmut           Unusable   N/A       N/A         5
 Dragon Form              Tmut           Unusable   N/A       N/A         7
 Storm Form               Tmut/Air       Unusable   N/A       N/A         7
 Necromutation            Tmut/Necr      Unusable   N/A       N/A         8

Dungeon Overview and Level Annotations

Branches:
Dungeon (15/15)            Temple (0/1) D:5            Lair (5/5) D:9
 Shoals (4/4) Lair:3        Snake (4/4) Lair:2        Slime (5/5) Lair:5
    Orc (2/2) D:9             Elf (3/3) Orc:2        Vaults (4/5) D:13
  Crypt (0/3) Vaults:2     Depths (4/4) D:15            Zot (5/5) Depths:4
Ossuary (visited)           IceCv (visited)          WizLab (visited)
Gauntlet (visited)

Altars:
Ashenzari
Cheibriados
Dithmenos
Fedhas
Hepliaklqana
Nemelex Xobeh
Qazlal
Ru
Sif Muna
Trog
Xom
Jiyva

Shops:
D:14 :   Orc:1 *   Orc:2 !=!*   Elf:2 ?   Shoals:2 *   Snake:1 [:   Snake:3 [
Vaults:1 (   Depths:2 =   Depths:4 !(![

Portals:
Hell: Depths:1 Depths:2 Depths:3 Depths:4
Abyss: Depths:3
Pandemonium: Depths:2
Ziggurat: Depths:1

Annotations:
D:5 1 transporter, Dowan
Elf:2 3 runed translucent doors
Depths:3 2 transporters, Roffer's ghost, adept DsGl


Innate Abilities, Weirdness & Mutations

You are immune to poison.
You have sharp fingernails.
Your flesh is cold resistant. (rC+)
You are immune to negative energy. (rN+++)
You do not regenerate when monsters are visible.
You are immune to unholy pain and torment.
You thrive by killing the living.


Message History

You climb upwards.
There is a stone staircase leading down here.
There is a stone staircase leading up here.
You climb upwards.
Level annotation: 1 transporter, Dowan
There is a stone staircase leading down here.
There is a stone staircase leading up here.
You climb upwards.
There is a stone staircase leading down here.
Things that are here:
a +0 robe of cold resistance; a +0 dagger You hear a shout!
There is a stone staircase leading up here.
You climb upwards.
There is a stone staircase leading down here.
Things that are here:
5 stones; a +0 dagger
There is a stone staircase leading up, spattered with blood here.
You see here a +0 flail.
You climb upwards.
There is a stone staircase leading down here.
There is a stone staircase leading up here.
You climb upwards.
There is a stone staircase leading down here.
The giant cockroach is engulfed in freezing vapours.
You block the giant cockroach's attack.
The giant cockroach is engulfed in freezing vapours.
You kill the giant cockroach!
Qazlal accepts your kill.
No target in view!
No target in view!
No target in view!
No target in view!
(D) Dungeon (T) Temple (L) Lair (A) Shoals (P) Snake Pit (M) Slime Pits (O) Orcish Mines (E) Elven Halls (V) Vaults (C) Crypt (U) Depths (H) Hell (Z) Zot
Where to? (Enter - D:1 @ (x,y), ? - help)
There is a staircase leading out of the dungeon here.
You have escaped!

#...###.P..P........PP...##..####
...## ##P..P..P.P.PP.....##......
†### #P......PP....P..P##.####.
.# #PP.P.P..P.P.....P##.# ## .#
##P..PP÷PP.P..PP..P##.##### ##
#.PPP....P...PP.PP.....>... #
#.PP..PPP.☼..°P.P.P##....#. #
#.PP.P..P.P.P....PP##.##... #
#.PPP.PP☼.@..PPP.PP##.###.. #
#.P..PP..P.PP.PPPPP........ #
#.........○.○..#...#....... #
#...[.....#................ #
#......(................... #
##########...............## #
#.............)##
##............(# ##...#...#....#


There were no monsters in sight!

Vanquished Creatures
  the Royal Jelly (Slime:5)
  4 ancient liches
  5 dread liches
  8 orbs of fire
  Mara (Snake:3)
  3 Killer Klowns (Zot:5)
  Bai Suzhen (Vaults:2)
  Saint Roka (Elf:3)
  7 golden dragons
  Jory (Depths:2)
  the Enchantress (Depths:3)
  3 electric golems
  18 tentacled monstrosities
  An Ice Fiend (D:7)
  Asterion (Snake:1)
  3 liches
  Mlioglotl (Lair:2)
  Rupert (D:13)
  26 Orb Guardians
  2 deep elf blademasters (Elf:2)
  3 quicksilver dragons
  12 acid blobs
  An Executioner (D:15)
  4 deep elf master archers
  Frances (D:14)
  An ancient champion (WizLab)
  2 death cobs (Zot:3)
  Polyphemus (Shoals:3)
  4 sphinxes
  5 storm dragons
  10 shadow dragons
  2 rockslimes
  9 draconian monks
  6 azure jellies
  Ilsuiw (Shoals:2)
  5 nagarajas (Snake:4)
  Kirke (Lair:4)
  4 fire giants
  An iron dragon (Depths:4)
  Louise (Shoals:2)
  3 draconian scorchers
  7 draconian knights
  6 vault wardens
  2 frost giants
  6 deep elf sorcerers
  4 ghost moths
  A balrug (Depths:2)
  2 orc warlords (Vaults:4)
  6 draconian shifters
  6 draconian stormcallers
  4 deep elf elementalists (Elf:3)
  12 ironbound preservers
  11 formless jellyfish
  3 spriggan defenders
  2 war gargoyles
  11 very ugly things
  7 draconian annihilators
  9 quicksilver oozes
  A quicksilver ooze (shapeshifter) (Depths:2)
  A vampire knight (Depths:1)
  5 ironbound thunderhulks
  7 green draconians
  7 black draconians
  12 stone giants
  Azrael (Snake:1)
  7 deep elf annihilators
  A lorocyproca (D:11)
  3 dire elephants (Vaults:1)
  6 red draconians
  6 purple draconians
  9 white draconians
  2 deep elf demonologists (Elf:3)
  Nessos (Orc:2)
  10 yellow draconians
  5 spark wasps
  4 crystal guardians
  7 deep elf death magi
  A quicksilver dragon zombie (Depths:3)
  5 merfolk javelineers (Shoals:4)
  Josephine (Snake:1)
  9 ettins
  6 fire dragons
  3 jiangshi (Depths:2)
  7 merfolk impalers
  A deep elf high priest (Elf:3)
  5 entropy weavers
  6 great orbs of eyes
  11 yaktaur captains
  2 rakshasas (Depths:1)
  5 peacekeepers
  Harold (Lair:2)
  6 vault guards
  2 hydras
  3 ogre magi (D:15)
  6 ice dragons
  3 salamander tyrants
  Erolcha (D:9)
  5 merfolk aquamancers
  4 catoblepae
  4 boulder beetles
  14 centaur warriors
  7 ironbound frosthearts
  3 merfolk avatars
  6 deep troll shamans
  6 spriggan air magi
  A death knight (Vaults:2)
  A spriggan skeleton (Depths:3)
  An alligator snapping turtle (Shoals:4)
  A radroach (shapeshifter) (Depths:3)
  3 satyrs
  16 two-headed ogres
  11 anacondas
  20 dancing weapons
  3 hell hogs (Depths:2)
  6 vampire magi
  4 naga sharpshooters
  6 spriggan berserkers
  24 death yaks
  12 naga warriors
  8 deep troll earth magi
  4 tengu warriors
  2 shock serpents (Snake:1)
  A hell knight (D:14)
  3 sun demons
  6 orc high priests
  A soul eater (D:14)
  5 skysharks
  17 iron trolls
  4 deep elf knights
  A fire crab (Gauntlet)
  19 skeletal warriors
  43 deep trolls
  6 salamander mystics
  A sixfirhy (D:15)
  A storm dragon skeleton (Depths:3)
  5 glowing orange brains
  13 sea snakes
  A flayed ghost (Depths:2)
  9 naga ritualists
  7 deep elf archers
  15 ironbound convokers
  7 necromancers
  10 wizards
  The ghost of CowFu the Carver, a novice MiFi (D:7)
  2 lindwurms (Vaults:3)
  17 orc knights
  13 harpies
  13 deep elf pyromancers
  13 deep elf zephyrmancers
  5 mana vipers
  15 fauns
  5 shining eyes
  33 ugly things
  2 oklob plants
  A shadow dragon skeleton (Depths:3)
  3 orc sorcerers
  9 cyclopes
  A moth of wrath (shapeshifter) (Depths:2)
  14 manticores
  8 salamanders
  23 moths of wrath
  A fire giant skeleton (Depths:3)
  An iron dragon skeleton (Depths:3)
  A sphinx skeleton (Depths:3)
  15 naga magi
  Joseph (Lair:1)
  9 elephants
  A rust devil (D:13)
  17 vault sentinels
  10 merfolk sirens
  30 black mambas
  3 eyes of devastation
  An unseen horror (D:10)
  A torpor snail (Lair:4)
  4 water nymphs
  A smoke demon (D:14)
  7 cane toads
  3 orange demons
  A gargoyle (D:7)
  8 komodo dragons
  2 rime drakes (Lair:3)
  3 freezing wraiths
  2 kobold demonologists
  13 yaktaurs
  2 ice devils
  28 merfolk
  A red devil (D:11)
  5 wind drakes
  A hellwing (D:14)
  3 trolls
  7 hornets
  4 polar bears
  3 meliai (D:13)
  A tarantella (Vaults:1)
  Grinder (D:3)
  11 dream sheep
  4 blink frogs (Lair:4)
  12 snapping turtles
  116 slime creatures
  Sigmund (D:2)
  A jumping spider (Vaults:1)
  12 water elementals
  A wyvern (shapeshifter) (Depths:1)
  4 vampires (WizLab)
  An air elemental (Elf:1)
  10 shadows
  A jumping spider (shapeshifter) (Depths:4)
  7 wraiths
  8 wyverns
  8 spriggans
  4 fire bats (Gauntlet)
  44 yaks
  3 fire elementals
  A human (Lair:4)
  12 golden eyes
  4 basilisks
  4 redbacks
  4 vampire mosquitoes (D:11)
  2 steam dragons (D:7)
  A harpy simulacrum (IceCv)
  2 two-headed ogre zombies (WizLab)
  3 wargs
  Edmund (D:4)
  3 acid dragons
  6 hell hounds
  41 nagas
  8 water moccasins
  3 floating eyes
  A glowing shapeshifter skeleton (Depths:3)
  40 orc warriors
  A black bear (Lair:2)
  2 ice beasts (D:6)
  6 ogres
  A boggart (Elf:1)
  9 wolves
  17 centaurs
  4 kobold brigands
  2 earth elementals
  Blork the orc (D:4)
  5 bullfrogs
  4 scorpions
  10 wights
  9 troll zombies (WizLab)
  A killer bee (shapeshifter) (D:13)
  8 howler monkeys
  5 hounds
  A jelly (D:7)
  3 quasits (D:7)
  28 orc priests
  4 iguanas
  Terence (D:2)
  A sleepcap (D:7)
  15 orc wizards
  4 ogre zombies (WizLab)
  2 mummies (Ossuary)
  2 gnolls (D:7)
  4 adders
  A shadow imp (D:6)
  12 white imps (D:12)
  A worm (D:4)
  3 dart slugs
  84 orcs
  3 ball pythons
  8 bats
  5 endoplasms
  3 giant cockroaches
  2 gnoll zombies (Ossuary)
  9 goblins
  3 hobgoblins
  15 kobolds
  2 quokkas (D:1)
  3 frilled lizards
  A goblin skeleton (D:6)
  2 goblin zombies (Ossuary)
  8 hobgoblin zombies
  5 kobold skeletons (D:6)
  A kobold zombie (D:6)
  6 orc zombies
  2 rats (D:1)
  6 spectral weapons
1879 creatures vanquished.

Vanquished Creatures (collateral kills)
  3 azure jellies (Slime:5)
  2 rockslimes (Slime:5)
  An orc warlord (Vaults:1)
  A draconian scorcher (Zot:4)
  An ironbound preserver (Vaults:1)
  A minotaur (Gauntlet)
  A merfolk impaler (Shoals:2)
  A hydra (Lair:5)
  An ironbound convoker (Vaults:1)
  3 ugly things
  2 elephants (Lair:5)
  A merfolk siren (Shoals:2)
  An anaconda simulacrum (IceCv)
  A polar bear (Lair:5)
  A yak (Lair:5)
  A vampire (D:9)
  A death yak simulacrum (IceCv)
  A naga (Snake:3)
  A cane toad simulacrum (IceCv)
  A gnoll bouda (Lair:5)
  An orc wizard (D:9)
  3 orcs (D:9)
30 creatures vanquished.

Vanquished Creatures (others)
  A deep elf annihilator (Elf:2)
  A centaur warrior (Vaults:2)
  A merfolk aquamancer (Shoals:4)
  2 deep elf knights
  3 wizards
  2 deep elf pyromancers (Elf:1)
  A manticore (Shoals:1)
  A snapping turtle (Shoals:4)
  2 humans (Lair:4)
  2 nagas (Snake:4)
  A sky beast (D:7)
  A kobold brigand (D:14)
  A quokka (Depths:1)
  24 spectral weapons
43 creatures vanquished.

Grand Total: 1952 creatures vanquished

Notes
Turn   | Place    | Note
-------+----------+-------------------------------------------
     0 | D:1      | ragingrage the Ghoul Wanderer began the quest for the Orb.
     0 | D:1      | ragingrage set off with the following items: a +3
                  | quarterstaff, a potion of heal wounds, a +0 leather armour;
                  | and the following spell memorised: Sandblast; and the
                  | following spells available to memorise: Stone Arrow.
     0 | D:1      | Reached XP level 1. HP: 16/16 MP: 2/2
    82 | D:1      | Reached XP level 2. HP: 23/23 MP: 3/3
   164 | D:1      | You fall into a shaft and drop 1 floor!
   216 | D:2      | Noticed Sigmund
   230 | D:2      | Killed Sigmund
   231 | D:2      | Reached skill level 5 in Staves
   231 | D:2      | Reached XP level 3. HP: 21/28 MP: 4/4
   231 | D:2      | Reached XP level 4. HP: 26/35 MP: 5/5
   231 | D:2      | Reached XP level 5. HP: 30/40 MP: 6/6
   492 | D:2      | Noticed Terence
   503 | D:2      | Killed Terence
   917 | D:2      | Found a faded altar of an unknown god.
  1161 | D:1      | Reached XP level 6. HP: 47/47 MP: 7/7
  1305 | D:2      | Prayed at the altar of an unknown god.
  1305 | D:2      | Became a worshipper of Qazlal Stormbringer
  1305 | D:2      | Reached * piety under Qazlal
  1376 | D:3      | Noticed Grinder
  1410 | D:3      | Killed Grinder
  1578 | D:3      | Reached XP level 7. HP: 52/52 MP: 8/8
  2551 | D:4      | Reached ** piety under Qazlal
  2627 | D:4      | Found a shadowy altar of Dithmenos.
  2956 | D:4      | Noticed Edmund
  2961 | D:4      | Noticed Blork the orc
  2973 | D:4      | Killed Edmund
  2980 | D:4      | Killed Blork the orc
  3046 | D:4      | Found a shimmering blue altar of Sif Muna.
  3079 | D:4      | Reached XP level 8. HP: 59/59 MP: 9/9
  3230 | D:5      | Entered Level 5 of the Dungeon
  3315 | D:5      | Found a sparkling altar of Nemelex Xobeh.
  3315 | D:5      | Found a transporter.
  3316 | D:5      | Noticed a wraith
  3508 | D:5      | Found a staircase to the Ecumenical Temple.
  3593 | D:5      | Noticed Dowan
  3702 | D:6      | Found a hazy altar of Hepliaklqana.
  3832 | D:6      | Identified the +0 robe of Wutiwnip {rElec rPois Str+2 Int-4
                  | Dex+3}
  3929 | D:6      | Found a sand-covered staircase.
  3933 | Ossuary  | Entered an ossuary
  3985 | Ossuary  | Reached *** piety under Qazlal
  4386 | D:6      | Noticed a two-headed ogre
  4399 | D:6      | Killed a two-headed ogre
  4400 | D:6      | Reached XP level 9. HP: 36/64 MP: 10/10
  4749 | D:6      | Identified the +0 scale mail "Muebb" {-Tele rF+ rN++ Int+3}
  4765 | D:6      | Reached skill level 10 in Staves
  5161 | D:7      | Found a transporter.
  5370 | D:7      | Found a blossoming altar of Fedhas.
  5378 | D:7      | Found a stormy altar of Qazlal.
  5435 | D:7      | Noticed a gargoyle
  5452 | D:7      | Killed a gargoyle
  5453 | D:7      | Reached skill level 5 in Throwing
  5637 | D:7      | Noticed CowFu's ghost (novice MiFi)
  5654 | D:7      | Found a transporter.
  6114 | D:8      | Reached XP level 10. HP: 69/71 MP: 11/11
  6513 | D:9      | Noticed a death yak
  6529 | D:8      | Killed a death yak
  6622 | D:9      | Reached **** piety under Qazlal
  6631 | D:9      | Found a staircase to the Orcish Mines.
  6659 | D:9      | Reached skill level 1 in Invocations
  6816 | D:9      | Noticed Erolcha
  6825 | D:10     | Entered Level 10 of the Dungeon
  6987 | D:10     | Noticed an unseen horror
  6996 | D:10     | HP: 2/71 [unseen horror (9)]
  6997 | D:10     | Killed an unseen horror
  6998 | D:10     | Reached skill level 2 in Invocations
  7225 | D:10     | Noticed a two-headed ogre
  7243 | D:9      | Noticed a death yak
  7244 | D:9      | Noticed a death yak
  7262 | D:9      | Killed a death yak
  7263 | D:9      | Reached skill level 3 in Invocations
  7264 | D:9      | Killed a death yak
  7265 | D:9      | Reached skill level 4 in Invocations
  7279 | D:9      | Killed Erolcha
  7280 | D:9      | Reached skill level 5 in Invocations
  7280 | D:9      | Reached XP level 11. HP: 44/77 MP: 10/13
  7404 | D:9      | Found a staircase to the Lair.
  7933 | D:9      | Found a snail-covered altar of Cheibriados.
  7993 | D:10     | Killed a two-headed ogre
  8097 | D:10     | Noticed a manticore
  8107 | D:10     | Killed a manticore
  8234 | D:10     | Reached skill level 6 in Invocations
  8975 | D:11     | Reached skill level 7 in Invocations
  9233 | D:11     | Reached skill level 8 in Invocations
  9966 | D:12     | Noticed a cyclops
  9976 | D:12     | Killed a cyclops
 10040 | D:12     | Noticed a two-headed ogre
 10053 | D:11     | Reached XP level 12. HP: 30/85 MP: 17/17
 10057 | D:11     | Reached skill level 9 in Invocations
 10255 | D:12     | Found a frozen archway.
 10284 | IceCv    | Entered an ice cave
 10298 | IceCv    | Found a transporter.
 10307 | IceCv    | Found a transporter.
 10599 | D:12     | Killed a two-headed ogre
 10622 | D:13     | Noticed a centaur warrior
 10679 | D:13     | Noticed a boulder beetle
 10679 | D:13     | Noticed a centaur warrior
 10766 | Lair:1   | Entered Level 1 of the Lair of Beasts
 11473 | Lair:1   | Noticed Joseph
 11482 | Lair:1   | Killed Joseph
 11639 | Lair:2   | Noticed a boulder beetle
 11643 | Lair:2   | Noticed a skyshark
 11718 | Lair:2   | Reached ***** piety under Qazlal
 11759 | Lair:2   | Killed a skyshark
 11847 | Lair:2   | Reached skill level 5 in Fighting
 11858 | Lair:2   | Killed a boulder beetle
 11888 | Lair:2   | Found a gate leading to a gauntlet.
 11923 | Gauntlet | Entered a Gauntlet
 11923 | Gauntlet | Found a transporter.
 11976 | Gauntlet | Found a transporter.
 11991 | Gauntlet | Found a transporter.
 11993 | Gauntlet | Found a large runed translucent door.
 11993 | Gauntlet | Found a large runed translucent door.
 11993 | Gauntlet | Noticed a death scarab
 11994 | Gauntlet | Found a large runed translucent door.
 11994 | Gauntlet | Found a large runed translucent door.
 11995 | Gauntlet | Found a large runed translucent door.
 11995 | Gauntlet | Found a large runed translucent door.
 11995 | Gauntlet | Found a runed translucent door.
 11995 | Gauntlet | Found a runed translucent door.
 11995 | Gauntlet | Found a large runed translucent door.
 11996 | Gauntlet | Found a transporter.
 12001 | Gauntlet | Noticed a death scarab
 12019 | Gauntlet | Found a transporter.
 12029 | Gauntlet | Found a large runed translucent door.
 12030 | Gauntlet | Found a large runed translucent door.
 12031 | Gauntlet | Found a large runed translucent door.
 12031 | Gauntlet | Found a large runed translucent door.
 12032 | Gauntlet | Found a runed translucent gate.
 12033 | Gauntlet | Found a transporter.
 12033 | Gauntlet | Found a runed translucent gate.
 12034 | Gauntlet | Found a runed translucent gate.
 12035 | Gauntlet | Found a large runed translucent door.
 12035 | Gauntlet | Found a large runed translucent door.
 12036 | Gauntlet | Found a large runed translucent door.
 12037 | Gauntlet | Found a large runed translucent door.
 12041 | Gauntlet | Noticed an entropy weaver
 12045 | Gauntlet | Found a transporter.
 12057 | Gauntlet | Found a transporter.
 12063 | Gauntlet | Found a transporter.
 12082 | Gauntlet | Found a transporter.
 12094 | Gauntlet | Found a transporter.
 12111 | Gauntlet | Found a transporter.
 12128 | Gauntlet | Found a transporter.
 12130 | Gauntlet | Found a transporter.
 12157 | Gauntlet | Found a transporter.
 12157 | Gauntlet | Found a transporter.
 12179 | Gauntlet | Found a transporter.
 12255 | Gauntlet | Found a large runed translucent door.
 12291 | Gauntlet | Found a transporter.
 12493 | Gauntlet | Learned a level 2 spell: Blink
 12511 | Gauntlet | Reached skill level 5 in Dodging
 12526 | Gauntlet | Reached skill level 1 in Translocations
 12526 | Gauntlet | Reached XP level 13. HP: 54/102 MP: 18/18
 12542 | Gauntlet | Identified the -2 cloak "Efropp" {Rampage rN+}
 12640 | Gauntlet | Noticed a minotaur
 12659 | Gauntlet | Killed a minotaur
 12676 | Gauntlet | Got the Grimoire of the Electric Undead
 12968 | Lair:2   | Noticed Harold
 12988 | Lair:2   | Killed Harold
 13210 | Lair:2   | Found a staircase to the Snake Pit.
 13261 | Lair:2   | Reached skill level 1 in Shields
 13590 | Lair:3   | Reached skill level 1 in Polearms
 13704 | Lair:3   | Found a staircase to the Shoals.
 14940 | Lair:4   | Noticed Kirke
 14964 | Lair:3   | Reached XP level 14. HP: 99/115 MP: 20/20
 15012 | Lair:4   | Killed Kirke
 15669 | Lair:5   | Entered Level 5 of the Lair of Beasts
 15961 | Lair:5   | Reached skill level 5 in Translocations
 15974 | Lair:5   | Reached ****** piety under Qazlal
 15975 | Lair:5   | Reached skill level 10 in Invocations
 16352 | Lair:5   | Found a viscous altar of Jiyva.
 16352 | Lair:5   | Found a staircase to the Slime Pits.
 16614 | Lair:5   | Reached skill level 5 in Polearms
 16614 | Lair:5   | Reached skill level 5 in Shields
 17433 | D:9      | Learned a level 4 spell: Manifold Assault
 17740 | Orc:1    | Entered Level 1 of the Orcish Mines
 17784 | Orc:1    | Found Usmi's Assorted Antiques.
 17908 | Orc:1    | Bought a scroll of blinking for 187 gold pieces
 17908 | Orc:1    | Bought a scroll of teleportation for 75 gold pieces
 17908 | Orc:1    | Bought a potion of heal wounds for 125 gold pieces
 18168 | Orc:2    | Entered Level 2 of the Orcish Mines
 18168 | Orc:2    | Noticed Nessos
 18486 | Orc:2    | Found a staircase to the Elven Halls.
 18492 | Orc:2    | Killed Nessos
 19192 | Orc:2    | Reached XP level 15. HP: 125/125 MP: 21/21
 20391 | Orc:2    | Found Ashiudia's Jewellery Shop.
 20393 | Orc:2    | Found Xorifu's Distillery.
 20393 | Orc:2    | Found Pigyidu's General Store.
 20394 | Orc:2    | Found Hojyu's Distillery.
 20400 | Orc:2    | Bought a potion of ambrosia for 112 gold pieces
 20403 | Orc:2    | Bought a +1 pair of gloves of strength for 198 gold pieces
 20403 | Orc:2    | Bought a potion of resistance for 120 gold pieces
 20403 | Orc:2    | Bought a tin of tremorstones (2/2) for 480 gold pieces
 20415 | Orc:2    | Bought a potion of might for 48 gold pieces
 20416 | Orc:2    | Bought an amulet of reflection for 510 gold pieces
 21066 | D:13     | Noticed Rupert
 21084 | D:13     | Killed Rupert
 21171 | D:13     | Found a gate to the Vaults.
 21595 | D:14     | Found Eceup's Book Boutique.
 21604 | D:13     | Reached skill level 10 in Polearms
 21898 | D:14     | Noticed Frances
 21929 | D:14     | Killed Frances
 22245 | D:15     | Entered Level 15 of the Dungeon
 22300 | D:14     | Reached XP level 16. HP: 109/134 MP: 23/23
 22410 | D:15     | Paralysed by an ogre mage for 3 turns
 22422 | D:14     | Reached skill level 11 in Invocations
 22472 | D:15     | Reached skill level 10 in Fighting
 22764 | D:15     | Identified a scroll of acquirement
 22768 | D:15     | Acquired the ring of Cemaseom {Will+ Str+3}
 23107 | D:15     | Found a staircase to the Depths.
 23349 | D:15     | Reached skill level 5 in Evocations
 24059 | D:7      | Killed CowFu's ghost
 24068 | D:7      | Identified the +10 great mace of the Hawk {speed, rC+++ rN+
                  | Str-4 Dex+3}
 24487 | Snake:1  | Entered Level 1 of the Snake Pit
 24492 | Snake:1  | Noticed Josephine
 24501 | Snake:1  | Killed Josephine
 24505 | Snake:1  | Noticed Asterion
 24514 | Snake:1  | Noticed Mlioglotl
 24604 | Lair:2   | Noticed a lich
 24621 | Lair:2   | Killed Mlioglotl
 25528 | Snake:1  | Killed Asterion
 25678 | Snake:1  | Found a shimmering altar of Xom.
 25804 | Snake:1  | Noticed Azrael
 25823 | Snake:1  | Killed Azrael
 26024 | Snake:1  | Found Ubrikev's Book Boutique.
 26024 | Snake:1  | Found Anaiplih's Armour Shop.
 26039 | Snake:1  | Bought a +2 leather armour of fire resistance for 342 gold
                  | pieces
 26055 | Snake:1  | Learned a level 3 spell: Ozocubu's Armour
 26709 | Snake:2  | Reached XP level 17. HP: 144/144 MP: 24/24
 26796 | Snake:2  | You are sucked into a shaft and drop 1 floor!
 27757 | Snake:3  | Reached skill level 12 in Invocations
 27844 | Snake:3  | Noticed Mara
 27865 | Snake:3  | Noticed ragingrage's illusion
 27978 | Snake:3  | Noticed ragingrage's illusion
 28098 | Snake:3  | Noticed ragingrage's illusion
 28217 | Snake:3  | Noticed ragingrage's illusion
 28385 | Snake:3  | Noticed ragingrage's illusion
 28602 | Snake:3  | Noticed ragingrage's illusion
 28835 | Snake:3  | Noticed ragingrage's illusion
 28846 | Snake:3  | Killed Mara
 29384 | Snake:3  | Found Akkeser's Antique Armour Boutique.
 29568 | Snake:4  | Entered Level 4 of the Snake Pit
 29736 | Snake:4  | Reached skill level 10 in Shields
 30695 | Snake:4  | Reached skill level 13 in Invocations
 30725 | Snake:4  | Reached XP level 18. HP: 154/154 MP: 26/26
 30854 | Snake:4  | Got a serpentine rune of Zot
 31134 | Shoals:1 | Entered Level 1 of the Shoals
 32101 | Snake:3  | Bought a polished helmet for 256 gold pieces
 32101 | Snake:3  | Identified the +1 helmet of Ukiocw {Stlth+} (You bought it
                  | in a shop on level 3 of the Snake Pit)
 32343 | Shoals:2 | Noticed Ilsuiw
 32458 | Shoals:2 | Noticed Louise
 32481 | Shoals:2 | Killed Louise
 32595 | Shoals:2 | Reached skill level 14 in Invocations
 32615 | Shoals:2 | Killed Ilsuiw
 32721 | Shoals:2 | Found Nomoj's Overcharged Wands.
 33305 | Shoals:3 | Noticed Polyphemus
 33319 | Shoals:3 | Killed Polyphemus
 33857 | Shoals:3 | Reached skill level 10 in Translocations
 33918 | Shoals:3 | Identified the +5 trident of the Dwarven Hall {heavy,
                  | rCorr}
 34460 | Shoals:4 | Entered Level 4 of the Shoals
 35115 | Shoals:4 | Reached XP level 19. HP: 79/165 MP: 28/28
 35998 | Shoals:4 | Found Qepsawuc's Mayhem Merchandise.
 36512 | Shoals:4 | Got a barnacled rune of Zot
 37032 | Elf:1    | Entered Level 1 of the Elven Halls
 37511 | Elf:1    | Reached skill level 10 in Dodging
 38420 | Elf:2    | Paralysed by an air elemental for 1 turns
 38434 | Elf:1    | Paralysed by an air elemental for 1 turns
 38946 | Elf:2    | Found Tozill's Magic Scroll Shop.
 38954 | Elf:2    | Bought a scroll of enchant armour for 127 gold pieces
 39076 | Elf:2    | Found a runed translucent gate.
 39076 | Elf:2    | Found a runed translucent gate.
 39076 | Elf:2    | Found a runed translucent gate.
 39429 | Elf:3    | Entered Level 3 of the Elven Halls
 39473 | Elf:3    | Identified the +5 long sword "Hucry" {venom, Str+3 Dex+3}
 39522 | Elf:3    | Noticed Saint Roka
 39556 | Elf:3    | Killed Saint Roka
 39576 | Elf:3    | Identified the +10 glaive of Bile {flame, rPois Str+5 SInv}
 40257 | Elf:3    | Noticed a Hell Sentinel
 40262 | Elf:3    | Noticed a Hell Sentinel
 40344 | Elf:3    | Noticed a Tzitzimitl
 40745 | Elf:3    | Reached XP level 20. HP: 148/177 MP: 30/30
 40827 | Elf:3    | Reached skill level 15 in Invocations
 40963 | Elf:3    | Identified the ring of Qajile {Fly rF+ Will- Stlth+}
 41019 | Elf:3    | Reached skill level 15 in Fighting
 41392 | Elf:3    | Identified the +4 ring mail "Dasha" {rN+ Slay+3}
 41432 | Elf:3    | Identified the +0 robe "Kisuol" {Drain Int+3 Dex+2}
 41461 | Elf:3    | Got the Spellbook of Phantasms and Haze
 41475 | Elf:3    | Identified the +5 scimitar of the Delicate God {flame, rN+}
 41482 | Elf:3    | Identified the +11 short sword "Ehainkuh" {heavy, rF+ rC+++
                  | Dex-2 SInv}
 41770 | Vaults:1 | Entered Level 1 of the Vaults
 41836 | Vaults:1 | Found Gorarik's Weapon Shop.
 41919 | Vaults:1 | Found a flickering gateway to a bazaar.
 41924 | Bazaar   | Entered a bazaar
 42134 | Bazaar   | Found Wiovopno's Antique Weapon Shoppe.
 42134 | Bazaar   | Found Heman's Antique Armour Emporium.
 42156 | Bazaar   | Found Kufunaih's Book Shoppe.
 42156 | Bazaar   | Found Gojehah's Assorted Antiques.
 42178 | Bazaar   | Found Xapsuq's Weapon Shoppe.
 42178 | Bazaar   | Found Huobb's Magic Scroll Emporium.
 42212 | Bazaar   | Bought a scroll of acquirement for 520 gold pieces
 42238 | Bazaar   | Bought a pair of warped boots for 304 gold pieces
 42238 | Bazaar   | Identified the +2 pair of boots of Keroph {rElec rF+ Int-5}
                  | (You bought it in a shop in a bazaar)
 42252 | Bazaar   | Bought a scroll of teleportation for 87 gold pieces
 42302 | Bazaar   | Bought a scroll of enchant armour for 75 gold pieces
 42992 | Vaults:1 | Reached skill level 5 in Armour
 43806 | Vaults:2 | Noticed Bai Suzhen
 43945 | Vaults:2 | Killed Bai Suzhen
 44796 | Vaults:2 | Reached XP level 21. HP: 144/184 MP: 31/31
 45305 | Vaults:2 | Identified the +0 ring mail "Exeol" {MP+9 Stlth+}
 45326 | Vaults:2 | Identified the +8 rapier of the Bruised Servitors {protect,
                  | rN+ Str-5 Dex+2}
 45474 | Vaults:2 | Found a staircase to the Crypt.
 46345 | Vaults:3 | Reached skill level 15 in Shields
 47256 | Vaults:4 | Reached skill level 10 in Armour
 49189 | Vaults:4 | Identified the +5 flail "Bapacvy" {venom, Stlth+}
 49298 | Vaults:4 | Identified the staff of earth "Cafieroh" {rF+ Will+ SInv}
 50031 | Depths:1 | Entered Level 1 of the Depths
 50033 | Depths:1 | Acquired a +4 plate armour of fire resistance
 50211 | D:15     | Reached XP level 22. HP: 132/192 MP: 27/32
 50366 | Depths:1 | Found a gateway to Hell.
 50381 | Depths:1 | Reached skill level 16 in Invocations
 50403 | Depths:1 | Found a magical portal.
 50512 | WizLab   | Entered Zonguldrok's Shrine
 50990 | WizLab   | Noticed an antique lich
 51022 | WizLab   | Killed an antique lich
 51051 | WizLab   | Found the +9 sword of Zonguldrok {reap}
 51781 | Depths:1 | Found a one-way gateway to a ziggurat.
 51912 | Depths:1 | Identified the +11 flail "Ogyocihe" {holy, +Blink rElec
                  | rPois Str-5}
 52696 | Depths:2 | Lost intelligence.
 53560 | Depths:2 | Found a one-way gate leading to the halls of Pandemonium.
 53651 | Depths:2 | Got the Lessons on Transformed Soot
 53654 | Depths:2 | Identified the amulet of the Devil {Reflect Str+6 Int+3
                  | Dex-3 SH+5}
 53669 | Depths:2 | Got the Omnibus of Coruscating Shapes
 53743 | Depths:2 | Found a broken altar of Ashenzari.
 53888 | Depths:2 | Identified the +5 chain mail of Isemasoa {Dex+4}
 54247 | Depths:2 | Found Diwkoodgh's Jewellery Shop.
 54299 | Depths:3 | Paralysed by a floating eye for 3 turns
 54331 | Depths:3 | Reached skill level 17 in Invocations
 54542 | Depths:3 | Noticed the Enchantress
 54569 | Depths:3 | Killed the Enchantress
 54585 | Depths:3 | Reached XP level 23. HP: 199/199 MP: 34/34
 54689 | Depths:3 | Noticed Jory
 54871 | Depths:2 | Killed Jory
 54875 | Depths:2 | Reached skill level 1 in Ice Magic
 55021 | Depths:3 | Noticed Roffer's ghost (adept DsGl)
 55044 | Depths:3 | Found a transporter.
 55046 | Depths:3 | Found a bloodstained altar of Trog.
 55047 | Depths:3 | Noticed a juggernaut
 55053 | Depths:3 | Found a transporter.
 55087 | Depths:3 | Found a sacrificial altar of Ru.
 55102 | Depths:3 | You fall into a shaft and drop 1 floor!
 55102 | Depths:4 | Entered Level 4 of the Depths
 55514 | Depths:3 | Found a one-way gate to the infinite horrors of the Abyss.
 55661 | Depths:3 | Found a faded altar of an unknown god.
 55664 | Depths:3 | Found a faded altar of an unknown god.
 55665 | Depths:3 | Found a hazy altar of Hepliaklqana.
 56667 | Depths:4 | Paralysed by a floating eye for 3 turns
 57295 | Depths:4 | Found a gate to the Realm of Zot.
 57365 | Depths:4 | Found Emyxemihedd's Distillery.
 57365 | Depths:4 | Found Pafutabi's Antique Weapon Shoppe.
 57369 | Depths:4 | Found Xyth's Distillery.
 57373 | Depths:4 | Bought a potion of heal wounds for 55 gold pieces
 57377 | Depths:4 | Bought a potion of heal wounds for 90 gold pieces
 57377 | Depths:4 | Bought a potion of haste for 180 gold pieces
 57377 | Depths:4 | Bought a potion of heal wounds for 90 gold pieces
 57744 | Depths:4 | Found Jyiby's Antique Armour Boutique.
 57969 | Depths:4 | Bought a glowing helmet for 345 gold pieces
 57969 | Depths:4 | Bought a glowing helmet for 345 gold pieces
 58310 | Slime:1  | Entered Level 1 of the Pits of Slime
 58504 | Slime:2  | Reached skill level 5 in Ice Magic
 58511 | Slime:2  | Reached skill level 18 in Invocations
 58807 | Slime:2  | You fall into a shaft and drop 1 floor!
 61494 | Slime:5  | Entered Level 5 of the Pits of Slime
 61610 | Slime:5  | Reached XP level 24. HP: 203/206 MP: 12/35
 61889 | Slime:5  | Noticed the Royal Jelly
 62029 | Slime:5  | Found the +4 consecrated labrys {holy, Valiant Fragile Fly
                  | SInv}
 62032 | Slime:5  | Found a viscous altar of Jiyva.
 62032 | Slime:5  | Found the +8 Wrath of Trog {antimagic, *Rage Rampage}
 62034 | Slime:5  | Found the +2 hood of the Assassin {Detect Stab+ Stlth++}
 62178 | Slime:5  | Killed the Royal Jelly
 62224 | Slime:5  | Got a slimy rune of Zot
 62233 | Slime:5  | Identified the staff of poison "Feor" {rPois Int+4 Dex+2}
 62265 | Slime:5  | Identified the staff of earth "Xoruf" {rC+ rN+ MP-9 Int+5}
 62301 | Slime:5  | Identified the +0 robe "Sosmeo" {Fly rF+}
 62786 | Zot:1    | Entered Level 1 of the Realm of Zot
 63713 | Elf:2    | Bought a scroll of enchant weapon for 127 gold pieces
 63713 | Elf:2    | Bought 3 scrolls of fear for 204 gold pieces
 66186 | Zot:2    | Found a stormy altar of Qazlal.
 66665 | Zot:2    | Got Sif Muna's Vellum of Fire and Brimstone
 66674 | Zot:2    | Got the Octavo of the Zealot
 67273 | Zot:3    | Reached skill level 19 in Invocations
 68450 | Zot:4    | Noticed an orb of fire
 68451 | Zot:4    | Noticed an orb of fire
 68482 | Zot:3    | Killed an orb of fire
 68483 | Zot:3    | Reached XP level 25. HP: 200/220 MP: 35/35
 68535 | Zot:3    | Killed an orb of fire
 68853 | Zot:4    | Reached skill level 10 in Ice Magic
 68862 | Zot:4    | Reached skill level 20 in Invocations
 69020 | Depths:4 | Bought a spiked tower shield for 437 gold pieces
 69020 | Depths:4 | Identified the +0 tower shield of the Eye-covered God {Harm
                  | Int+3} (You bought it in a shop on level 4 of the Depths)
 69343 | Zot:4    | Reached skill level 10 in Throwing
 69832 | Zot:4    | Identified the +0 scale mail "Qoecigi" {rElec rN+}
 69929 | Zot:5    | Entered Level 5 of the Realm of Zot
 71277 | Zot:5    | Reached skill level 21 in Invocations
 71315 | Zot:5    | Noticed an orb of fire
 71319 | Zot:5    | Noticed an orb of fire
 71319 | Zot:5    | Noticed a Killer Klown
 71321 | Zot:5    | Noticed an orb of fire
 71368 | Zot:5    | Killed an orb of fire
 71973 | Zot:5    | Noticed an orb of fire
 71986 | Zot:5    | Noticed an orb of fire
 71998 | Zot:5    | Noticed a Killer Klown
 71999 | Zot:5    | Killed an orb of fire
 72022 | Zot:5    | Killed an orb of fire
 72037 | Zot:5    | Killed an orb of fire
 72041 | Zot:5    | HP: 11/224 [orb of fire (10)]
 72052 | Zot:5    | Killed an orb of fire
 72386 | Zot:5    | Noticed an orb of fire
 72414 | Zot:5    | Killed an orb of fire
 72793 | Zot:5    | Killed a Killer Klown
 72828 | Zot:5    | Killed a Killer Klown
 72829 | Zot:5    | Noticed a Killer Klown
 72857 | Zot:5    | Noticed a dread lich
 72859 | Zot:5    | Noticed an ancient lich
 72865 | Zot:5    | Killed a Killer Klown
 72866 | Zot:5    | Reached skill level 22 in Invocations
 72868 | Zot:5    | Noticed an ancient lich
 72870 | Zot:5    | Noticed a dread lich
 72885 | Zot:5    | Killed a dread lich
 72910 | Zot:4    | Killed an ancient lich
 73209 | Zot:4    | Killed a dread lich
 73323 | Zot:5    | Killed an ancient lich
 73494 | Zot:5    | Noticed an ancient lich
 73500 | Zot:5    | Noticed a dread lich
 73501 | Zot:5    | Noticed a dread lich
 73549 | Zot:4    | Killed an ancient lich
 73590 | Zot:4    | Killed a dread lich
 73591 | Zot:4    | Reached XP level 26. HP: 232/232 MP: 37/37
 73604 | Zot:4    | Killed a dread lich
 73920 | Zot:5    | Noticed a dread lich
 73941 | Zot:5    | Killed a dread lich
 74562 | Zot:5    | Got the Orb of Zot
 74686 | Zot:2    | Noticed an ancient lich
 74686 | Zot:2    | Noticed Roaliree the pandemonium lord
 74997 | D:11     | Noticed Eratuquikyq the pandemonium lord
 75134 | D:8      | Noticed Idickur the pandemonium lord
 75282 | D:$      | Escaped with the Orb!

Illustrated notes

Levels and vault maps discovered:
D:1:      roderic_crop_circles_arrival_small, layout_rooms
D:2:      layout_loops_ring, chequers_ecumenical_altar_grove, uniq_sigmund,
          uniq_terence
D:3:      layout_basic, minmay_misc_feat_ornament, uniq_grinder
D:4:      layout_loops_cross, mainiacjoe_overflow_catwalk, kennysheep_mini,
          uniq_blork_the_orc, uniq_edmund
D:5:      layout_loops_ring, grunt_nemelex_the_gamble, minmay_temple_entry_mist,
          uniq_duvessa
D:6:      layout_gridville, nicolae_tso_besieged_by_evil,
          grunt_temple_overflow_open, lightli_ossuary_entry_decrepit_ruins
D:7:      layout_cave_pools, grunt_temple_overflow_forces_of_nature,
          gammafunk_ghost_stat_death, dreamdust_gnoll_farm
D:8:      layout_cave_pools
D:9:      layout_grid_maze, lemuel_tele_altar, dpeg_lair_monsters, david_orc_2,
          enter_bailey_5, uniq_erolcha
D:10:     layout_long_grid
D:11:     layout_irregular_city
D:12:     layout_loops_ring, portal_ice_cave_entry_imps
D:13:     layout_basic, david_vaults_1, uniq_rupert
D:14:     layout_basic, serial_shops, shop, old_standard_altar,
          minmay_statues_item, uniq_frances
D:15:     hangedman_depths_entry_civil_slaughter, layout_loops_corners,
          patterned_corridor, serial_demonic, serial_demonic_e,
          serial_demonic_b, serial_demonic_g, serial_demonic_e, fountainhead
Lair:1:   layout_long_grid, uniq_joseph
Lair:2:   layout_long_grid, guppyfry_snake_entry_garden, gauntlet_entry_generic,
          grunt_megastairs_2, infiniplex_staircase_pool, lemuel_fruit_tree,
          uniq_harold
Lair:3:   layout_long_grid, elwin_shoals_entry_rocks, minivault_24,
          minmay_lair_oklob_bushes, grunt_forest_stairs_clearing
Lair:4:   layout_loops_ring, infiniplex_staircase_pool_2, uniq_kirke
Lair:5:   evilmike_catoblepas_cave, layout_regular_city, slime_entry_1,
          dreamdust_gnoll_shepherd, serial_bayou_shore_a
Shoals:1: layout_shoals, nicolae_shoals_wave_tunnel
Shoals:2: layout_shoals, nicolae_shop_overcharged_wands, uniq_ilsuiw,
          uniq_louise
Shoals:3: layout_shoals, nicolae_shoals_shepherds, uniq_polyphemus
Shoals:4: shoals_end_hangedman, layout_shoals, shoals_ilsuiw_ice,
          minmay_shop_mayhem
Snake:1:  layout_cave_pods, basic_altar, serial_bayou_pond_c, minmay_shoptagon,
          grunt_megastairs_5, uniq_asterion, uniq_josephine, uniq_azrael,
          uniq_mlioglotl
Snake:2:  layout_chambers
Snake:3:  layout_cave_town, serial_shops, shop, lemuel_oklob_altar, uniq_mara
Snake:4:  minmay_snake_end_coiled, layout_cave_town, serial_bayou_shore_b
Slime:1:  layout_caves
Slime:2:  layout_caves
Slime:3:  layout_caves
Slime:4:  layout_caves
Slime:5
Orc:1:    layout_diamond_mine, serial_shops, nicolae_shop_gibbet_a_chance,
          basic_altar, minmay_orc_temple_b
Orc:2:    st_orc_pillars, layout_caves, uniq_nessos
Elf:1:    elf_arrival_001, layout_loops_corners, hangedman_elf_disciples,
          corexii_leaking_fountain
Elf:2:    nicolae_elf_blades_splatter_lattice [nicolae_blade_little_rooms],
          layout_loops_cross, serial_shops, nicolae_shop_stone
Elf:3:    elf_hall, layout_onion_city, uniq_saint_roka
Vaults:1: nicolae_vaults_mitosis, vaults_mumra_minichess,
          ontoclasm_vaults_misaligned, nicolae_vaults_diagonal_hallway_8,
          v_rooms_6, ontoclasm_vaults_gateway, nicolae_vaults_big_angled_halls,
          nicolae_vaults_little_squares_5, vaults_room_mumra_shop_pool,
          vaults_room_boxed, layout_vaults_big_cross, serial_shops,
          bzr_entry_road
Vaults:2: nicolae_vaults_trapezoid_lopsided_3,
          nicolae_vaults_door_testing_chamber, ontoclasm_vaults_bender,
          ontoclasm_vaults_ring_small, v_alt_pattern_2,
          minmay_crypt_entry_simple_sparse, vaults_room_fancy_cross,
          vaults_dpeg_diagonal, nicolae_vaults_windows_and_doors_thing,
          nicolae_vaults_circle_grid_b, grunt_vaults_hallway_short,
          nicolae_vaults_more_shelving_1, layout_vaults_big_room,
          uniq_bai_suzhen
Vaults:3: ontoclasm_vaults_tryst, vaults_dpeg_spiral, vaults_dpeg_ring,
          hangedman_vaults_snaps, grunt_vaults_bifocal, nicolae_vaults_asterisk,
          v_misc_24, nicolae_vaults_house_2, vaults_room_octagon,
          hangedman_vaults_corner_blocks, nicolae_vaults_weapon_check,
          nicolae_vaults_apartment_1, vaults_standard_mumra_lines,
          layout_vaults_maze_bifur
Vaults:4: v_pattern_1, vaults_mumra_hex, nicolae_vaults_closet_pinwheel_6,
          nicolae_vaults_closet_pinwheel_1, nicolae_vaults_circle_grid_a,
          nicolae_vaults_doubleplus_tesselated,
          nicolae_vaults_storage_closets_3, st_check,
          nicolae_vaults_little_squares_5, layout_vaults_omnigrid
Depths:1: kennysheep_room_grid, layout_gridville, enter_ziggurat_b,
          elyvilon_altar_4, pf_vacation_house_of_asmodeus,
          lightli_enter_wizlab_magi_temple, chequers_serial_rivers_micro_e,
          hangedman_corner_corridor
Depths:2: minmay_the_grid_octo_triangle [minmay_the_grid_octo_teeth,
          minmay_the_grid_octo_prize_ultimate_mussel_roller,
          minmay_the_grid_octo_thin_diamonds], layout_cave_shapes, serial_shops,
          nicolae_shop_pleasant_corner_grove, evilmike_ruin_ashenzari,
          lightli_too_deep, rand_demon_pan_entry_3, serial_sigils,
          serial_sigils_hangedman_confine, serial_sigils_hangedman_snap,
          serial_sigils_hangedman_snap, serial_sigils_hangedman_gnaw
Depths:3: dreamdust_merry_men, layout_gridlike, abyss_entry,
          gammafunk_ghost_wrathful_warriors, hell_entry,
          nicolae_ru_sacrificial_ziggurat,
          nicolae_hepliaklqana_ecumenical_no_more, uniq_jory, uniq_enchantress
Depths:4: evilmike_zot_entry_diamond, layout_basic, hell_entry, serial_shops,
          nicolae_shop_tiny_glass, reono_crystal_passage, grunt_ministairs_7,
          minmay_shop_star
Zot:1:    layout_gridlike
Zot:2:    nicolae_zot_draconian_monastery, layout_gridlike,
          lemuel_baited_zot_trap, uniq_josephina
Zot:3:    layout_twisted_circle, hangedman_zot_wheel_spokes
Zot:4:    layout_misc_corridors
Zot:5:    layout_cathedral_of_symmetry

Skill      XL: |  1  2  3  4  5  6  7  8  9 10 11 12 13 14 15 16 17 18 19 20 21 22 23 24 25 26 |
---------------+-------------------------------------------------------------------------------+-----
Staves         | 2 5 6 7 9 11 13 14 | 14.0
Earth Magic    | 3 |  3.5
Throwing       | 3 5 6 7 8 9 12 14 | 14.0
Invocations    | 5 8 9 10 11 13 14 15 17 18 19 22 | 22.4
Fighting       | 6 8 9 11 12 13 14 15 16 18 | 18.9
Dodging        | 5 6 7 8 9 10 11 | 11.4
Armour         | 4 7 11 13 | 13.3
Translocations | 1 4 5 6 7 8 10 11 12 | 12.3
Shields        | 3 5 6 8 10 12 14 15 16 17 18 | 18.0
Polearms       | 3 5 11 | 11.0
Evocations     | 3 4 5 7 9 |  9.0
Ice Magic      | 7 9 10 | 10.0
Spellcasting   | 3 |  3.0

Action                     |  1- 3 |  4- 6 |  7- 9 | 10-12 | 13-15 | 16-18 | 19-21 | 22-24 | 25-27 || total
---------------------------+-------+-------+-------+-------+-------+-------+-------+-------+-------++-------
  Melee: Quarterstaff      |    33 |    66 |   314 |   549 |   517 |       |       |       |       ||  1479
         Demon trident     |       |       |       |       |   758 |  1531 |  1929 |  2606 |   736 ||  7560
  Throw: Dart              |     1 |     2 |    15 |    13 |    39 |     3 |       |       |       ||    73
         Boomerang         |       |       |     5 |    18 |       |    23 |    21 |    10 |    15 ||    92
         Javelin           |       |       |       |       |       |     7 |       |    13 |    15 ||    35
         Throwing net      |       |       |       |       |       |       |       |     1 |       ||     1
   Cast: Sandblast         |       |     2 |    21 |       |       |       |       |       |       ||    23
         Manifold Assault  |       |       |       |       |       |       |    42 |   149 |    33 ||   224
         Ozocubu's Armour  |       |       |       |       |       |       |       |     2 |     1 ||     3
 Invoke: Elemental Force   |       |       |       |     2 |     3 |     3 |     2 |     1 |     1 ||    12
         Upheaval          |       |       |       |     1 |     3 |     2 |       |     2 |       ||     8
         Disaster Area     |       |       |       |       |     1 |     2 |     1 |     4 |       ||     8
  Evoke: Wand              |       |       |     3 |     1 |     4 |     1 |       |     1 |    10 ||    20
         Box of beasts     |       |       |       |       |     1 |     1 |       |     1 |     1 ||     4
         Phial of floods   |       |       |       |       |       |     1 |       |       |       ||     1
         Tin of tremorston |       |       |       |       |       |     2 |       |     1 |     2 ||     5
         Phantom mirror    |       |       |       |       |       |       |       |     1 |       ||     1
    Use: Scroll            |       |       |     7 |    11 |    12 |     5 |     6 |    11 |     4 ||    56
         Potion            |       |       |       |     5 |     1 |       |     3 |     3 |    17 ||    29
   Stab: Paralysed         |       |       |       |     2 |     2 |     3 |     5 |       |     3 ||    15
         Confused          |       |       |       |       |       |       |       |     3 |       ||     3
         Distracted        |       |       |       |       |       |       |       |     2 |    10 ||    12
         Held in net/web   |       |       |       |       |       |       |       |     1 |       ||     1
 Armour: Leather armour    |    25 |    12 |       |       |       |   103 |    56 |       |       ||   196
         Ring mail         |       |     7 |    75 |       |   202 |    59 |       |       |       ||   343
         Steam dragon scal |       |       |    73 |   189 |     8 |       |       |       |       ||   270
         Scale mail        |       |       |       |       |       |       |   164 |       |       ||   164
         Plate armour      |       |       |       |       |       |       |    73 |   198 |       ||   271
         Acid dragon scale |       |       |       |       |       |       |       |   391 |   176 ||   567
  Dodge: Dodged            |    28 |    35 |   169 |   226 |   407 |   144 |   136 |   271 |   117 ||  1533
         Repelled          |       |       |       |     1 |     3 |    18 |     9 |    20 |    14 ||    65
  Block: Other             |       |     1 |    44 |   119 |   163 |       |       |       |       ||   327
         Kite shield       |       |       |       |       |   836 |  1966 |  1718 |  2365 |       ||  6885
         Reflection        |       |       |       |       |    24 |   259 |   138 |    50 |    11 ||   482
         Tower shield      |       |       |       |       |       |       |       |   551 |   586 ||  1137

Table legend: (Time is in decaauts)
 A = Elapsed time spent in this place.
 B = Non-inter-level travel time spent in this place.
 C = Inter-level travel time spent in this place.
 D = Time resting spent in this place.
 E = Time spent auto-exploring this place.
 F = Levels seen in this place.
 G = Mean time per level.
                   A        B        C        D        E       F      G
               +--------+--------+--------+--------+--------+-----+--------+
         Total |  72587 |  64592 |   7995 |  18317 |  32722 |  56 | 1296.2 |
       Dungeon |  16050 |  13366 |   2684 |   2515 |   7726 |  15 | 1070.0 |
          Lair |   7505 |   6076 |   1429 |   1787 |   3202 |   5 | 1501.0 |
        Shoals |   5376 |   4900 |    476 |   1651 |   2451 |   4 | 1344.0 |
     Snake Pit |   5999 |   5362 |    637 |   1186 |   2974 |   4 | 1499.8 |
    Slime Pits |   3724 |   3546 |    178 |   1276 |   1622 |   5 |  744.8 |
  Orcish Mines |   2925 |   2661 |    264 |   1277 |    744 |   2 | 1462.5 |
   Elven Halls |   4684 |   4209 |    475 |   1205 |   2261 |   3 | 1561.3 |
        Vaults |   6915 |   6278 |    637 |    905 |   4159 |   4 | 1728.8 |
        Depths |   7123 |   6484 |    639 |   1626 |   3372 |   4 | 1780.8 |
           Zot |  10068 |   9496 |    572 |   4589 |   3232 |   5 | 2013.6 |
        Bazaar |    400 |    400 |      0 |      0 |    272 |   1 |  400.0 |
       Ossuary |    165 |    165 |      0 |      0 |    109 |   1 |  165.0 |
      Ice Cave |     38 |     38 |      0 |      0 |      0 |   1 |   38.0 |
        Wizlab |    628 |    628 |      0 |     91 |    235 |   1 |  628.0 |
      Gauntlet |    981 |    981 |      0 |    206 |    362 |   1 |  981.0 |
               +--------+--------+--------+--------+--------+-----+--------+

Top non-repeatable levels by time:
   Zot:5: 2825 daAuts
   Zot:4: 2741 daAuts
  Lair:2: 2448 daAuts
Depths:1: 2212 daAuts
Vaults:1: 2098 daAuts
    D:11: 2041 daAuts
 Snake:2: 2027 daAuts
Shoals:3: 1986 daAuts
   Orc:1: 1884 daAuts
   Zot:2: 1875 daAuts
Depths:3: 1859 daAuts
Vaults:2: 1781 daAuts
    D:15: 1772 daAuts
   Elf:1: 1749 daAuts
Vaults:4: 1656 daAuts
